 Dungeon Crawl Stone Soup version 0.27-a0-1202-ge72e49191c (webtiles) character file.

Game seed: 14781430944872315399

405741 Iscandelvey the Eclecticist (level 24, -1/130 HPs)
             Began as a Djinni Conjurer on June 2, 2021.
             Was the Champion of Makhleb.
             Killed from afar by an ancient lich (34 damage)
             ... with a bolt of acid
             ... on level 5 of the Vaults on June 5, 2021.
             The game lasted 06:59:50 (70461 turns).

Iscandelvey the Eclecticist (Djinni Conjurer)      Turns: 70461, Time: 06:59:50

Health: -1/130     AC: 19    Str: 11    XL:     24   Next: 52%
Gold:   4043       EV: 18    Int: 34    God:    Makhleb [******] SH: 18 Dex: 17

rFire    + + +     SeeInvis .   K - +1 hand axe of Big Damage {vorpal, rElec rC+ rN++ Stlth-}
rCold    + + +     Faith    .   B - +0 kite shield {reflect}
rNeg     + + .     Spirit   .   o - +4 ring mail {rF+}
rPois    ∞         Reflect  +   L - +1 helmet {Int+3}
rElec    +         Harm     .   p - scarf {rC+ rF+}
rCorr    .         Rampage  .   z - +3 pair of gloves "Jatela" {*Slow +Blink rC+++ Dex-2}
Will     ++...                  (boots unavailable)
Stlth    +++.......             t - amulet of Meunes {Reflect SH+5 Stlth+}
HPRegen  0.31/turn              R - ring "Enooh" {Str+5 Dex+6}
MPRegen  0.00/turn              Y - ring of ice

@: unable to drink, flying, slowed, very slow
A: no potions, sickness immunity, fire resistance 2, cold vulnerability 1,
float, innate caster, hp casting, extra vitality 1
}: 2/15 runes: decaying, gossamer
a: Renounce Religion, Evoke Blink, Minor Destruction, Lesser Servant of Makhleb,
Major Destruction, Greater Servant of Makhleb


You were on level 5 of the Vaults.
You worshipped Makhleb.
Makhleb was exalted by your worship.
You visited 8 branches of the dungeon, and saw 40 of its levels.
You also visited: Sewer, Gauntlet and Ice Cave.

You collected 4567 gold pieces.
You spent 524 gold pieces at shops.

Inventory:

Hand Weapons
 E - the +10 morningstar of the Blessed Realm {flame, rC- Will+ rCorr}
   (You took it off a deep elf zephyrmancer on level 3 of the Elven Halls)

   It has been specially enchanted to burn those struck by it, causing extra
   injury to most foes and up to half again as much damage against particularly
   susceptible opponents.
   It makes you vulnerable to cold.
   It protects you from acid and corrosion.
   It increases your willpower.
 G - a +4 scimitar of electrocution
 K - the +1 hand axe of Big Damage (weapon) {vorpal, rElec rC+ rN++ Stlth-}
   (You took it off a deep elf knight on level 3 of the Elven Halls)

   It inflicts extra damage upon your enemies.
   It protects you from cold.
   It insulates you from electricity.
   It greatly protects you from negative energy.
   It makes you less stealthy.
 U - the +0 staff of Battle
   (You found it on level 3 of the Elven Halls)
Missiles
 F - 15 curare-tipped darts
 H - 5 throwing nets
 P - 13 atropa-tipped darts
 Z - 958 bolts
Armour
 o - a +4 ring mail of fire resistance (worn)
 p - a scarf of resistance (worn)
 z - the +3 pair of gloves "Jatela" (worn) {*Slow +Blink rC+++ Dex-2}
   (You bought it in a shop on level 2 of the Orcish Mines)

   It affects your dexterity (-2).
   It renders you almost immune to cold.
   It lets you blink.
   It may slow you when you take damage.
 B - a +0 kite shield of reflection (worn)
 C - +0 storm dragon scales
 L - a +1 helmet of intelligence (worn)
Jewellery
 f - the ring "Juca" {+Blink Dex+6}
   (You found it in a Gauntlet)

   [ring of dexterity]

   It affects your dexterity (+6).
   It lets you blink.
 m - the ring "Celeyxoq" {rPois rC- Int+6 Dex+6}
   (You took it off a minotaur in a Gauntlet)

   [ring of intelligence]

   It affects your intelligence (+6).
   It affects your dexterity (+6).
   It makes you vulnerable to cold.
   It protects you from poison.
 t - the amulet of Meunes (around neck) {Reflect SH+5 Stlth+}
   (You took it off a deep elf demonologist on level 3 of the Elven Halls)

   [amulet of reflection]

   It reflects blocked missile attacks.
   It affects your SH (+5).
   It makes you more stealthy.
 y - an amulet of the acrobat
 R - the ring "Enooh" (left hand) {Str+5 Dex+6}
   (You took it off a deep elf death mage on level 3 of the Elven Halls)

   [ring of dexterity]

   It affects your strength (+5).
   It affects your dexterity (+6).
 Y - a ring of ice (right hand)
Wands
 k - a wand of digging (18)
 q - a wand of polymorph (10)
 D - a wand of paralysis (59)
 I - a wand of iceblast (38)
 Q - a wand of acid (38)
 W - a wand of mindburst (32)
Scrolls
 a - a scroll of torment
 c - 13 scrolls of identify
 d - 2 scrolls of acquirement {unknown}
 e - 19 scrolls of teleportation
 g - 10 scrolls of blinking
 i - 5 scrolls of magic mapping
 l - 8 scrolls of fear
 n - a scroll of brand weapon {unknown}
 u - 8 scrolls of fog
 x - a scroll of enchant weapon
 J - 3 scrolls of holy word
 M - 8 scrolls of immolation
Potions
 b - 8 potions of heal wounds
 h - 2 potions of might
 j - 16 potions of curing
 r - a potion of resistance
 s - 4 potions of haste
 v - 6 potions of mutation
 w - 4 potions of invisibility
 A - 2 potions of brilliance {unknown}
 N - 4 potions of ambrosia
 O - 4 potions of attraction
Miscellaneous
 S - a phial of floods
 T - a piece from Xom's chessboard (15/15)
 V - a tin of tremorstones (2/2)
 X - a condenser vane


   Skills:
 - Level 4.4 Throwing
 + Level 14.1 Armour
 + Level 15.4 Dodging
 - Level 7.9 Stealth
 + Level 13.8 Shields
 * Level 20.9 Spellcasting
 - Level 12.5 Invocations
 - Level 10.0 Evocations


You couldn't memorise any spells.
You knew the following spells:

 Your Spells              Type           Power      Damage    Failure   Level
a - Magic Dart            Conj           100%       1d8       0%          1
b - Searing Ray           Conj           100%       3d7       0%          2
c - Dazzling Flash        Conj/Hex       100%       N/A       0%          3
d - Fulminant Prism       Conj/Hex       54%        3d23      0%          4
e - Iskenderun's Mystic   Conj/Tloc      100%       2d19      0%          4
f - Sting                 Tmut/Pois      100%       1d8       0%          1
g - Corpse Rot            Necr/Air       N/A        N/A       0%          2
h - Ozocubu's Armour      Ice            100%       N/A       0%          3
i - Ice Form              Ice/Tmut       100%       N/A       0%          4
j - Sticky Flame          Conj/Fire      100%       2d11      0%          4
k - Fireball              Conj/Fire      54%        3d21      0%          5
l - Conjure Ball Lightni  Conj/Air       54%        3x3d20    1%          6
m - Death Channel         Necr           54%        N/A       1%          6
n - Ozocubu's Refrigerat  Ice            66%        4d18      1%          7
o - Monstrous Menagerie   Summ           54%        N/A       1%          7
p - Lehudib's Crystal Sp  Conj/Erth      54%        10d13     2%          8
Your spell library was empty.

Dungeon Overview and Level Annotations

Branches:
Dungeon (15/15)            Temple (1/1) D:6            Lair (6/6) D:8
  Swamp (4/4) Lair:2       Spider (4/4) Lair:2        Slime (0/5) Lair:6
    Orc (2/2) D:9             Elf (3/3) Orc:2        Vaults (5/5) D:13
  Crypt (0/3) Vaults:3     Depths (0/5) D:15          Sewer (visited)
  IceCv (visited)         Gauntlet (visited)

Altars:
Ashenzari
Cheibriados
Dithmenos
Elyvilon
Fedhas
Gozag
Hepliaklqana
Kikubaaqudgha
Makhleb
Nemelex Xobeh
Okawaru
Qazlal
Ru
Sif Muna
Trog
Uskayaw
Vehumet
Wu Jian
Xom
Yredelemnul
Zin
The Shining One
Jiyva

Shops:
D:2 =   Orc:1 (*   Orc:2 (=*[   Elf:1 *   Elf:2 *   Elf:3 ?   Vaults:1 !

Annotations:
D:4 Sigmund


Innate Abilities, Weirdness & Mutations

You cannot drink.
You are immune to sickness and miasma.
You are immune to poison.
Your flesh is very heat resistant. (rF++)
You are vulnerable to cold. (rC-)
You float through the air rather than walking.
You learn spells naturally, not from books.
Your magical power is your life essence.
You have superior vitality. (+4 HP)


Message History

You hear a shout!
The ancient lich touches you but does no damage.
The phantasmal warrior closely misses you.
The ancient lich casts a spell at itself.
The ancient lich flickers and vanishes!
Deactivating autopickup; reactivate with Ctrl-A.
The phantasmal warrior hits you.
You hear some strange, mumbled words.
Something tries to affect you, but you resist.
Casting: Lehudib's Crystal Spear (dangerous; 2% risk of failure)
Confirm with . or Enter, or press ? or * to list all spells.
You erupt in a blast of force!
The mystic blast hits something.
The mystic blast hits the phantasmal warrior!!
The phantasmal warrior is almost destroyed.
The phantasmal warrior is knocked back by the mystic blast.
You hear a shout!
You hear two shouts!
Casting: Iskenderun's Mystic Blast (safe; 0% risk of failure)
Confirm with . or Enter, or press ? or * to list all spells.
Aiming: Lehudib's Crystal Spear (dangerous; 2% risk of failure)
Press: ? - help, Shift-Dir - straight line Something touches you.
The phantasmal warrior blinks!
Something touches you but does no damage.
Casting: Lehudib's Crystal Spear (dangerous; 2% risk of failure)
Confirm with . or Enter, or press ? or * to list all spells.
You erupt in a blast of force!
The mystic blast hits something!
Something collides with the orc!
You kill the orc!
Makhleb accepts your kill.
The mystic blast hits the phantasmal warrior!
You destroy the phantasmal warrior!
Makhleb accepts your kill.
You feel better.
You hear some strange, mumbled words.
A bolt of acid appears from out of thin air!
The bolt of acid hits you!!!
You are splashed with acid!
* * * LOW HITPOINT WARNING * * *
You hear some strange, mumbled words.
A bolt of acid appears from out of thin air!
The bolt of acid hits you!!
You die...

#...)# # .
#....#)#
..#####)...#.#
....#).[..)##
....)...[...
#####..{[)...##
.....!)[<<[....
.....[[@(.<[..)
.....[)[<<.[[..
......[[[[[....
#####........##
...[.[....#
...#....#...
....#....##..
.....#....# #.


There were no monsters in sight!

Vanquished Creatures
  The ghost of Ituhak the Unseen, an adept GnDe of Zin (Vaults:4)
  2 tentacled monstrosities (Swamp:4)
  2 deep elf master archers (Elf:3)
  3 deep elf blademasters
  Asterion (Elf:3)
  A sphinx (Vaults:4)
  Gastronok (D:8)
  A storm dragon (Vaults:2)
  4 fenstrider witches (Swamp:4)
  Donald (Spider:2)
  3 deep elf sorcerers (Elf:3)
  An orc warlord (Orc:2)
  2 emperor scorpions (Spider:4)
  11 vault wardens
  2 fire giants (Vaults:4)
  A frost giant (IceCv)
  5 ghost moths
  Louise (Elf:3)
  3 deep elf elementalists (Elf:3)
  15 ironbound preservers
  A war gargoyle (Vaults:4)
  A reaper (Swamp:4)
  A stone giant (Vaults:5)
  5 very ugly things (Vaults:4)
  10 deep elf demonologists
  A minotaur (Gauntlet)
  Azrael (D:15)
  6 spark wasps
  6 deep elf annihilators
  A dire elephant (Vaults:3)
  5 entropy weavers
  6 bunyips
  4 deep elf death magi (Elf:3)
  6 eleionomae
  A blizzard demon (Swamp:4)
  A crystal guardian (Vaults:4)
  Snorg (Lair:4)
  3 shambling mangroves (Swamp:4)
  2 great orbs of eyes (Vaults:4)
  Josephine (D:15)
  8 yaktaur captains
  32 vault guards
  3 boulder beetles
  A deep elf high priest (Elf:3)
  8 ironbound thunderhulks
  The ghost of bmj180 the Destroyer, a journeyman DrCj of Vehumet (D:10)
  23 hydras
  2 ogre magi
  A ghost crab (Swamp:1)
  2 peacekeepers (Vaults:4)
  A spriggan air mage (Swamp:4)
  12 ironbound frosthearts
  Erica (D:8)
  29 centaur warriors
  2 death knights (Vaults:3)
  10 two-headed ogres
  A catoblepas (Lair:3)
  7 alligators
  An anaconda (shapeshifter) (D:13)
  23 dancing weapons
  9 death yaks
  2 tengu warriors
  A death scarab (Gauntlet)
  2 ironbound beastmasters (Vaults:3)
  Urug (Lair:4)
  A spriggan berserker (Swamp:2)
  5 orc high priests (Orc:2)
  3 soul eaters (Swamp:4)
  A spectral death yak (Gauntlet)
  15 deep elf knights
  Sonja (Lair:4)
  A sixfirhy (Swamp:4)
  6 goliath frogs
  40 deep trolls
  2 skeletal warriors (D:15)
  3 glowing orange brains
  4 spriggan druids
  A flayed ghost (D:15)
  11 deep elf archers
  7 swamp dragons
  15 ironbound convokers
  4 orc knights
  5 harpies (Vaults:3)
  10 bog bodies
  28 deep elf zephyrmancers
  10 wizards
  Pikel (D:6)
  3 lindwurms (Vaults:3)
  A phantasmal warrior (Vaults:5)
  29 deep elf pyromancers
  44 ugly things
  26 orb spiders
  12 elephants
  3 orc sorcerers
  2 necromancers
  3 will-o-the-wisps
  26 wolf spiders
  An oklob plant (Lair:3)
  4 cyclopes
  A manticore (D:13)
  2 moths of wrath
  10 vault sentinels
  9 cane toads
  4 black mambas
  4 torpor snails
  2 orange demons (Swamp:4)
  2 unseen horrors
  11 komodo dragons
  A yaktaur (shapeshifter) (Elf:1)
  A kobold demonologist (D:12)
  4 hellwings (Swamp:4)
  11 demonic crawlers
  3 rime drakes
  A tengu conjurer (D:13)
  38 yaktaurs
  7 trolls
  51 jumping spiders
  3 meliai (D:14)
  13 tyrant leeches
  28 hornets
  19 polar bears
  Prince Ribbit (Lair:1)
  Grinder (D:6)
  24 slime creatures
  A hornet (shapeshifter) (D:11)
  25 blink frogs
  A dream sheep (shapeshifter) (Vaults:4)
  A fire dragon zombie (D:15)
  14 dream sheep
  A centaur simulacrum (D:14)
  2 air elementals (Elf:1)
  4 water elementals
  25 spriggans
  A shadow (D:12)
  An ettin skeleton (D:15)
  40 tarantellas
  A deep troll skeleton (D:15)
  93 redbacks
  A yak (shapeshifter) (D:13)
  7 fire elementals
  93 yaks
  4 wyverns
  8 wraiths
  8 basilisks
  A steam dragon (D:6)
  Grum (D:11)
  12 vampire mosquitoes
  4 chaos spawn (Swamp:4)
  4 wargs
  11 swamp worms
  2 acid dragons
  11 water moccasins
  3 hell hounds (D:15)
  28 orc warriors
  4 swamp drakes
  A black bear (Lair:6)
  8 ice beasts (D:12)
  6 ogres
  An ogre (shapeshifter) (Vaults:2)
  13 boggarts
  47 wolves
  7 centaurs
  3 necrophages
  A phantom (D:3)
  3 lemures (D:6)
  3 kobold brigands (D:7)
  12 bullfrogs
  2 earth elementals
  2 scorpions
  11 killer bees
  7 wights
  3 electric eels
  10 howler monkeys
  A crimson imp (D:13)
  11 hounds
  2 centaur zombies
  11 orc priests
  3 gnoll shamans (D:7)
  A centaur skeleton (D:6)
  3 iguanas
  19 orc wizards
  A killer bee zombie (D:7)
  A hound skeleton (D:4)
  2 howler monkey zombies
  Robin (D:2)
  10 gnolls
  5 river rats (Sewer)
  5 adders
  A shadow imp (D:7)
  A white imp (D:6)
  An ufetubus (D:6)
  2 worms (D:2)
  55 orcs
  10 ball pythons
  5 endoplasms
  8 giant cockroaches
  18 goblins
  8 hobgoblins
  2 jackals (D:1)
  5 quokkas
  A bat (D:2)
  10 frilled lizards
  7 kobolds
  4 rats
  3 fulminant prisms
1655 creatures vanquished.

Vanquished Creatures (collateral kills)
  A deep elf pyromancer (Elf:3)
  An earth elemental (Elf:3)
  A ball lightning (Spider:1)
3 creatures vanquished.

Vanquished Creatures (others)
  A wizard (Vaults:3)
  A spriggan skeleton (D:15)
  A kobold (D:13)
  28 ball lightnings
  A bush (Lair:3)
  4 foxfires (Swamp:2)
  419 fulminant prisms
  87 fungi
  116 plants
  7 withered plants (D:15)
665 creatures vanquished.

Grand Total: 2323 creatures vanquished

Notes
Turn   | Place    | Note
-------+----------+-------------------------------------------
     0 | D:1      | Iscandelvey the Djinni Conjurer began the quest for the
                  | Orb.
     0 | D:1      | Reached XP level 1. HP: 15/15 MP: 0/0
   245 | D:1      | Reached XP level 2. HP: 19/21 MP: 0/0
   411 | D:1      | Found a faded altar of an unknown god.
   722 | D:2      | Found Cutageil's Jewellery Emporium.
   775 | D:2      | Noticed Robin
   779 | D:2      | Killed Robin
   780 | D:2      | Reached XP level 3. HP: 15/25 MP: 0/0
   780 | D:2      | Learned a level 1 spell: Sting
  1328 | D:2      | Reached skill level 1 in Armour
  1328 | D:2      | Reached XP level 4. HP: 25/31 MP: 0/0
  1994 | D:2      | Reached skill level 4 in Spellcasting
  2316 | D:3      | Noticed a phantom
  2322 | D:3      | Killed a phantom
  2323 | D:3      | Reached XP level 5. HP: 10/35 MP: 0/0
  2323 | D:3      | Learned a level 2 spell: Corpse Rot
  2920 | D:3      | Reached skill level 1 in Throwing
  3089 | D:3      | Found a sacrificial altar of Ru.
  3304 | D:3      | Found a white marble altar of Elyvilon.
  3826 | D:4      | Reached XP level 6. HP: 37/40 MP: 0/0
  4596 | D:4      | Noticed Sigmund
  5864 | D:5      | Entered Level 5 of the Dungeon
  5889 | D:5      | Found a glowing drain.
  5953 | Sewer    | Entered a sewer
  6939 | D:5      | Noticed a necrophage
  7400 | D:5      | Killed a necrophage
  7401 | D:5      | Reached XP level 7. HP: 41/45 MP: 0/0
  7401 | D:5      | Learned a level 3 spell: Ozocubu's Armour
  8121 | D:6      | Noticed Pikel
  8517 | D:6      | Noticed a steam dragon
  8856 | D:6      | Reached skill level 5 in Spellcasting
  8857 | D:6      | Reached XP level 8. HP: 35/50 MP: 0/0
  9645 | D:6      | Found a staircase to the Ecumenical Temple.
  9648 | D:6      | Noticed Grinder
  9675 | Temple   | Entered the Ecumenical Temple
  9904 | D:6      | Killed Grinder
 10051 | D:6      | Found a sparkling altar of Nemelex Xobeh.
 10280 | D:6      | Paralysed by Pikel for 7 turns
 10543 | D:6      | Paralysed by Pikel for 3 turns
 10548 | D:6      | Killed Pikel
 10549 | D:6      | Reached skill level 5 in Dodging
 10549 | D:6      | Reached skill level 6 in Spellcasting
 10549 | D:6      | Reached XP level 9. HP: 18/55 MP: 0/0
 10549 | D:6      | Learned a level 4 spell: Ice Form
 12243 | D:7      | Found a bloodstained altar of Trog.
 12700 | D:7      | Noticed a two-headed ogre
 12710 | D:7      | Killed a two-headed ogre
 12711 | D:7      | Reached skill level 5 in Armour
 12711 | D:7      | Reached skill level 5 in Stealth
 12711 | D:7      | Reached skill level 7 in Spellcasting
 12711 | D:7      | Reached XP level 10. HP: 28/60 MP: 0/0
 15045 | D:8      | Found a staircase to the Lair.
 15278 | D:8      | Noticed Gastronok
 15423 | D:8      | Identified the +2 flail of Massacring {antimagic, rF+ Str+5
                  | Dex+3}
 15460 | D:8      | Killed Gastronok
 15461 | D:8      | Reached skill level 8 in Spellcasting
 15461 | D:8      | Reached XP level 11. HP: 22/65 MP: 0/0
 15461 | D:8      | Learned a level 4 spell: Sticky Flame
 16113 | D:8      | Noticed Erica
 16120 | D:8      | Killed Erica
 16375 | D:9      | Found a snail-covered altar of Cheibriados.
 16375 | D:9      | Found a broken altar of Ashenzari.
 16504 | D:9      | Found a faded altar of an unknown god.
 16511 | D:9      | Found a faded altar of an unknown god.
 16656 | Temple   | Became a worshipper of Makhleb the Destroyer
 16711 | Lair:1   | Entered Level 1 of the Lair of Beasts
 16810 | Lair:1   | Reached skill level 1 in Evocations
 17331 | Lair:1   | Reached skill level 9 in Spellcasting
 17378 | Lair:1   | Noticed a six-headed hydra
 17388 | Lair:1   | Killed a six-headed hydra
 17780 | Lair:1   | Noticed Prince Ribbit
 17790 | Lair:1   | Killed Prince Ribbit
 17791 | Lair:1   | Reached XP level 12. HP: 50/70 MP: 0/0
 18353 | Lair:2   | Noticed a seven-headed hydra
 18806 | Lair:2   | Reached * piety under Makhleb
 19756 | Lair:2   | Killed a seven-headed hydra
 20057 | Lair:2   | Noticed a four-headed hydra
 20259 | Lair:2   | Killed a four-headed hydra
 20260 | Lair:2   | Reached skill level 10 in Spellcasting
 20929 | Lair:2   | Reached XP level 13. HP: 69/75 MP: 0/0
 20929 | Lair:2   | Learned a level 5 spell: Fireball
 21065 | Lair:2   | Found a staircase to the Swamp.
 21068 | Lair:2   | Reached ** piety under Makhleb
 21275 | Lair:2   | Found a hole to the Spider Nest.
 21282 | Lair:2   | Reached skill level 11 in Spellcasting
 22711 | Lair:3   | Noticed a catoblepas
 22725 | Lair:3   | Killed a catoblepas
 23325 | Lair:3   | Reached skill level 12 in Spellcasting
 23631 | Lair:4   | Noticed Urug
 23632 | Lair:4   | Noticed Sonja
 23637 | Lair:4   | Noticed an eight-headed hydra
 23642 | Lair:4   | Killed Urug
 23644 | Lair:4   | Killed an eight-headed hydra
 23646 | Lair:4   | Noticed Snorg
 23651 | Lair:4   | Killed Sonja
 23666 | Lair:4   | Killed Snorg
 24009 | Lair:4   | Reached *** piety under Makhleb
 24763 | Lair:4   | Reached XP level 14. HP: 69/80 MP: 0/0
 24766 | Lair:4   | Reached skill level 13 in Spellcasting
 26296 | Lair:5   | Reached skill level 14 in Spellcasting
 26767 | Lair:6   | Entered Level 6 of the Lair of Beasts
 26799 | Lair:6   | Reached **** piety under Makhleb
 27439 | Lair:6   | Reached XP level 15. HP: 56/85 MP: 0/0
 27439 | Lair:6   | Learned a level 6 spell: Conjure Ball Lightning
 27560 | Lair:6   | Reached ***** piety under Makhleb
 27774 | Lair:6   | Reached skill level 15 in Spellcasting
 28492 | Lair:6   | Reached skill level 1 in Invocations
 28847 | Lair:6   | Found a viscous altar of Jiyva.
 28859 | Lair:6   | Found a staircase to the Slime Pits.
 29512 | Spider:1 | Entered Level 1 of the Spider Nest
 29520 | Spider:1 | Reached skill level 1 in Shields
 29520 | Spider:1 | Reached skill level 5 in Evocations
 30407 | Spider:1 | Reached ****** piety under Makhleb
 31063 | Spider:1 | Reached XP level 16. HP: 78/90 MP: 0/0
 31503 | Spider:2 | Reached skill level 16 in Spellcasting
 31503 | Spider:2 | Reached skill level 5 in Invocations
 31637 | Spider:2 | Noticed Donald
 31648 | Spider:2 | Reached skill level 5 in Shields
 31651 | Spider:2 | Killed Donald
 34224 | Spider:3 | Reached XP level 17. HP: 55/94 MP: 0/0
 34224 | Spider:3 | Learned a level 6 spell: Death Channel
 34810 | Spider:4 | Entered Level 4 of the Spider Nest
 37456 | Spider:4 | Got a gossamer rune of Zot
 37621 | Swamp:1  | Entered Level 1 of the Swamp
 37630 | Swamp:1  | Reached skill level 17 in Spellcasting
 39423 | Swamp:2  | Reached XP level 18. HP: 99/100 MP: 0/0
 39833 | Lair:5   | Identified the +1 chain mail of the Pits of Slime {rPois
                  | rCorr}
 40552 | Swamp:2  | Reached skill level 10 in Dodging
 42326 | Swamp:4  | Entered Level 4 of the Swamp
 42336 | Swamp:4  | Reached skill level 10 in Evocations
 43363 | Swamp:4  | Reached XP level 19. HP: 78/104 MP: 0/0
 43363 | Swamp:4  | Learned a level 7 spell: Ozocubu's Refrigeration
 43992 | Swamp:4  | Paralysed by a fenstrider witch for 5 turns
 44741 | Swamp:4  | Noticed a tentacled monstrosity
 44751 | Swamp:4  | Killed a tentacled monstrosity
 45023 | Swamp:4  | Noticed a tentacled monstrosity
 45035 | Swamp:4  | Killed a tentacled monstrosity
 45292 | Swamp:4  | Got a decaying rune of Zot
 45712 | D:9      | Found a glowing silver altar of Zin.
 45943 | D:9      | Found a basalt altar of Yredelemnul.
 46077 | D:9      | Found a staircase to the Orcish Mines.
 46350 | D:10     | Entered Level 10 of the Dungeon
 46622 | D:10     | Reached skill level 10 in Armour
 46742 | D:10     | Found an iron altar of Okawaru.
 46928 | D:10     | Found a runed translucent door.
 46941 | D:10     | Noticed bmj180's ghost (journeyman DrCj)
 46961 | D:10     | Killed bmj180's ghost
 47520 | Orc:1    | Entered Level 1 of the Orcish Mines
 47520 | Orc:1    | Found Akaaneec's Antique Weapon Boutique.
 47708 | D:11     | Noticed Grum
 47710 | D:11     | Killed Grum
 48093 | D:11     | Reached skill level 10 in Invocations
 48389 | D:12     | Found a frozen archway.
 48418 | IceCv    | Entered an ice cave
 48998 | IceCv    | Reached skill level 18 in Spellcasting
 49237 | IceCv    | Identified the +2 flail of Xom's Delight {drain, Dex+6}
 50053 | D:12     | Reached skill level 10 in Shields
 50785 | Orc:1    | Found Dikk's General Store.
 50859 | Orc:2    | Entered Level 2 of the Orcish Mines
 50865 | Orc:2    | Found Cibeban's Antique Weapon Shoppe.
 51013 | Orc:2    | Found Seidiblo's General Store.
 51023 | Orc:2    | Bought a potion of invisibility for 104 gold pieces
 51023 | Orc:2    | Bought a scroll of blinking for 97 gold pieces
 51332 | Orc:2    | Found a staircase to the Elven Halls.
 51354 | Orc:2    | Reached XP level 20. HP: 78/110 MP: 0/0
 51781 | Orc:2    | Found Nauqeqef's Jewellery Boutique.
 51901 | Orc:2    | Found Bucvout's Antique Armour Emporium.
 51910 | Orc:2    | Bought a pair of heavily runed gloves for 323 gold pieces
 51910 | Orc:2    | Identified the +3 pair of gloves "Jatela" {*Slow +Blink
                  | rC+++ Dex-2} (You bought it in a shop on level 2 of the
                  | Orcish Mines)
 52877 | Elf:1    | Entered Level 1 of the Elven Halls
 54414 | Elf:1    | Found Jots's General Store.
 55144 | Elf:2    | Found a runed translucent gate.
 55144 | Elf:2    | Found a runed translucent gate.
 55155 | Elf:2    | Found a runed translucent gate.
 55179 | Elf:2    | Found Fisofeul's General Store.
 55504 | Elf:3    | Entered Level 3 of the Elven Halls
 55567 | Elf:3    | Noticed Louise
 55573 | Elf:3    | Killed Louise
 55833 | Elf:3    | Found Calaoggu's Magic Scroll Boutique.
 55972 | Elf:3    | Noticed Asterion
 55976 | Elf:3    | Killed Asterion
 56337 | Elf:3    | Identified the ring "Enooh" {Str+5 Dex+6}
 56633 | Elf:3    | Identified the amulet of Meunes {Reflect SH+5 Stlth+}
 56635 | Elf:3    | Reached XP level 21. HP: 108/114 MP: 0/0
 56635 | Elf:3    | Learned a level 7 spell: Monstrous Menagerie
 56725 | Elf:3    | Noticed a Brimstone Fiend
 56986 | Elf:3    | Identified the +10 morningstar of the Blessed Realm {flame,
                  | rC- Will+ rCorr}
 57237 | Elf:3    | Identified the +1 fire dragon scales of Incorporation {rF++
                  | rC- rN+++ Will- Dex+5 SInv}
 57371 | Elf:3    | Identified the +1 hand axe of Big Damage {vorpal, rElec rC+
                  | rN++ Stlth-}
 57414 | Elf:3    | Identified the +9 trident "Xuixawar" {speed, *Rage rC+
                  | Int+2}
 58033 | Elf:3    | Found the +0 staff of Battle
 58042 | Elf:3    | Identified the +10 war axe of Koics {vorpal, *Noise +Rage
                  | Fly rF++}
 58206 | Elf:3    | Identified the +1 scale mail "Ojudad" {rN+}
 58269 | Elf:3    | Identified the +1 plate armour "Buostrau" {-Tele rF++
                  | Regen+ rCorr}
 60051 | D:13     | Found a gate leading to a gauntlet.
 60059 | D:13     | Found a gate to the Vaults.
 60082 | D:13     | Reached skill level 19 in Spellcasting
 60091 | Gauntlet | Entered a Gauntlet
 60091 | Gauntlet | Found a transporter.
 60091 | Gauntlet | Found a runed translucent gate.
 60091 | Gauntlet | Found a runed translucent gate.
 60229 | Gauntlet | Found a runed translucent gate.
 60231 | Gauntlet | Found a transporter.
 60234 | Gauntlet | Found a transporter.
 60247 | Gauntlet | Found a transporter.
 60248 | Gauntlet | Found a transporter.
 60269 | Gauntlet | Found a transporter.
 60276 | Gauntlet | Found a transporter.
 60287 | Gauntlet | Found a transporter.
 60295 | Gauntlet | Found a runed translucent door.
 60298 | Gauntlet | Found a transporter.
 60319 | Gauntlet | Found a transporter.
 60333 | Gauntlet | Found a transporter.
 60334 | Gauntlet | Found a transporter.
 60380 | Gauntlet | Found a runed translucent door.
 60394 | Gauntlet | Found a transporter.
 60394 | Gauntlet | Found a transporter.
 60727 | Gauntlet | Identified the ring "Juca" {+Blink Dex+6}
 60859 | Gauntlet | Identified the ring "Celeyxoq" {rPois rC- Int+6 Dex+6}
 61369 | D:13     | Found an opulent altar of Gozag.
 61960 | D:14     | Found a broken altar of Ashenzari.
 61985 | D:14     | Identified the +5 hand axe "Kaotaell" {elec, +Blink rElec
                  | rPois Int-3}
 62018 | D:14     | You are sucked into a shaft and drop 1 floor!
 62018 | D:15     | Entered Level 15 of the Dungeon
 62419 | D:15     | Reached XP level 22. HP: 120/120 MP: 0/0
 62547 | D:15     | Noticed Josephine
 62547 | D:15     | Noticed Azrael
 62549 | D:15     | Killed Azrael
 62550 | D:15     | Killed Josephine
 62730 | D:15     | Found a staircase to the Depths.
 63163 | Vaults:1 | Entered Level 1 of the Vaults
 63707 | Vaults:1 | Found Vakar's Distillery.
 65402 | Vaults:2 | Found the +9 heavy crossbow "Sniper" {vorpal, Acc+∞ SInv}
 65423 | Vaults:2 | Identified the +11 arbalest "Udiso" {speed, SInv}
 65480 | Vaults:2 | Reached skill level 20 in Spellcasting
 65873 | Vaults:2 | Reached XP level 23. HP: 124/124 MP: 0/0
 65873 | Vaults:2 | Learned a level 8 spell: Lehudib's Crystal Spear
 67805 | Vaults:3 | Found a staircase to the Crypt.
 68695 | Vaults:4 | Paralysed by a great orb of eyes for 5 turns
 69151 | Vaults:4 | Reached XP level 24. HP: 106/130 MP: 0/0
 69543 | Vaults:4 | Reached skill level 15 in Dodging
 70133 | Vaults:4 | Found a runed translucent door.
 70133 | Vaults:4 | Noticed Ituhak's ghost (adept GnDe)
 70147 | Vaults:4 | Killed Ituhak's ghost
 70375 | Vaults:4 | Identified the +12 hand axe of Action {antimagic, Will-
                  | Str+4}
 70435 | Vaults:5 | Entered Level 5 of the Vaults
 70435 | Vaults:5 | Noticed an ancient lich
 70461 | Vaults:5 | Killed from afar by an ancient lich

Illustrated notes

Levels and vault maps discovered:
D:1:      saegor_arrival_under_anarchy, layout_rooms,
          shapermc_ecumenical_altar_mp_ritualfount
D:2:      layout_basic, serial_shops, nicolae_shop_stone, basic_altar,
          chequers_garden, uniq_robin
D:3:      layout_basic, elyvilon_altar_3, nicolae_ru_the_path_less_chosen
D:4:      layout_basic, uniq_sigmund
D:5:      layout_layer_cave, portal_sewer_entry_f
D:6:      layout_gridville, nemelex_xobeh_ov_fountains_minmay,
          minmay_temple_entry_mini_moons, uniq_pikel, uniq_grinder
D:7:      lemuel_castle_with_subvaults [lemuel_castle_interior_carwin_2],
          layout_cave_pools, kennysheep_mini
D:8:      wander_river, layout_rooms, old_standard_altar, lair_entry_dummy,
          uniq_erica, uniq_gastronok
D:9:      layout_basic, nicolae_overflow_hidden_temple,
          yredelemnul_altar_generic, chequers_temple_overflow_minitemple,
          orc_0_dummy
D:10:     layout_loops_cross, kennysheep_okawaru_gauntlet,
          ebering_ghost_reflecting_pool
D:11:     minmay_chambers_of_sixes, layout_irregular_city, uniq_grum
D:12:     minmay_the_grid_square_5x5_3x3 [minmay_the_grid_square_5x5_tri_point,
          minmay_the_grid_square_5x5_tie, minmay_the_grid_square_5x5_empty,
          minmay_the_grid_square_5x5_eight,
          minmay_the_grid_square_5x5_megaprize_hollow,
          minmay_the_grid_square_5x5_doubleslash,
          minmay_the_grid_square_5x5_inner_i, minmay_the_grid_square_5x5_z,
          minmay_the_grid_square_5x5_minimal], layout_rooms,
          portal_ice_cave_entry_ice_beasts, kennysheep_generic_room_8
D:13:     layout_basic, david_vaults_2, gauntlet_entry_generic,
          hangedman_stone_soup, grunt_gozag_statues
D:14:     layout_small_grid, ashenzari_conservatory_becter
D:15:     gammafunk_depths_entry_grave, layout_rooms, serial_bayou_shore_b,
          uniq_josephine, uniq_azrael
Temple:   pf_slimified_temple
Lair:1:   layout_gridlike, cheibrodos_lair_caveside_slide,
          serial_bayou_lagoon_a, uniq_prince_ribbit2
Lair:2:   layout_gridlike, nicolae_swamp_entry_splash_gauntlet,
          spider_nest_entry_funnel_web, grunt_megastairs_2, lemuel_fruit_tree,
          infiniplex_staircase_pool
Lair:3:   layout_misc_corridors, minmay_hedge_maze, kennysheep_catoblepas_arena
Lair:4:   layout_concentric_octagons, beast_lair_carwin_1, uniq_urug,
          uniq_sonja, uniq_snorg
Lair:5:   layout_regular_city
Lair:6:   minmay_lair_end_enchanted_forest, layout_regular_city, slime_altar_1,
          serial_bayou_shore_a
Swamp:1:  layout_falls_marsh, evilmike_swamp_ruin_house_4
Swamp:2:  cheibrodos_swamp_heart_of_darkness, layout_basic_swamp,
          evilmike_swamp_ruin_rubble_1, swamp_pool1, st_swamp_mini
Swamp:3:  layout_basic_swamp, nicolae_swamp_decorative_isthmus
Swamp:4:  nzn_swamp_witches_coven, layout_basic_swamp
Spider:1: layout_spider_delve
Spider:2: layout_spider_delve, uniq_donald
Spider:3: layout_chambers
Spider:4: spider_rune_water
Orc:1:    layout_caves, serial_shops, shop, shop, mines4_lemuel, uniq_fannar
Orc:2:    grunt_orc_gardens, layout_diamond_mine, grunt_orc_garden,
          grunt_orc_garden, grunt_orc_garden, grunt_orc_garden,
          guppyfry_library_mini
Elf:1:    eino_elf_arrival_altar, layout_rooms, serial_shops, shop,
          hangedman_elf_represent, hangedman_glass_teeth
Elf:2:    layout_geoelf_grid, serial_shops, shop
Elf:3:    grunt_elf_hall_diamonds, layout_gridlike, serial_shops, shop_scrolls,
          hangedman_elven_ridges, serial_sigils_hangedman_confine, minivault_5,
          uniq_asterion, uniq_louise
Vaults:1: v_alt_pattern_1, vaults_room_hallway, hangedman_vaults_corner_blocks,
          ontoclasm_vaults_gateway, v_rooms_3, dpeg_vaults_monster_box,
          vaults_dpeg_hooks, v_pattern_4, layout_vaults_quadrants, serial_shops,
          nicolae_shop_competitors_out_of_business
Vaults:2: nicolae_vaults_three_branches, grunt_vaults_funnel,
          grunt_vaults_diagonal, ontoclasm_vaults_ligature,
          ontoclasm_vaults_eye, nicolae_vaults_yaktaur_gun_rack,
          ontoclasm_vaults_tryst, nicolae_vaults_sealed_display,
          nicolae_vaults_hallways_thing, v_misc_4, vaults_room_pools,
          nicolae_vaults_little_squares_1, vaults_dpeg_diagonal,
          layout_vaults_omnicross
Vaults:3: hangedman_vaults_corner_blocks, blue_anna_dwarven_crypt,
          hangedman_vaults_locks, v_misc_26, nicolae_vaults_network_s,
          vaults_room_hallway, vaults_room_ringed_pool, v_misc_30,
          ontoclasm_vaults_decontamination,
          vaults_standard_mumra_enter_the_diamond, v_misc_25,
          hangedman_vaults_maws, vaults_room_pool, layout_vaults_ring
Vaults:4: ebering_vaults_ghost_reflecting_pool, nicolae_vaults_an_arrangement,
          ontoclasm_vaults_ring_square, nicolae_vaults_little_ls,
          vaults_room_door_ring, v_misc_16, vaults_mumra_minichess_inversion,
          nicolae_vaults_little_squares_6, v_pattern_5, v_misc_4,
          vaults_room_semicircle, v_misc_10, nicolae_vaults_little_squares_6,
          layout_vaults_omnibox
Vaults:5: serial_shops

Skill      XL: |  1  2  3  4  5  6  7  8  9 10 11 12 13 14 15 16 17 18 19 20 21 22 23 24 |
---------------+-------------------------------------------------------------------------+-----
Armour         | 1 2 3 4 5 6 7 8 9 10 11 12 13 14 | 14.1
Stealth        | 2 3 4 5 6 7 |  7.9
Spellcasting   | 4 5 6 7 8 9 10 12 14 15 16 17 18 19 20 | 20.9
Dodging        | 3 4 5 6 7 8 9 10 11 12 13 14 15 | 15.4
Throwing       | 1 2 3 4 |  4.4
Evocations     | 2 4 6 8 9 10 | 10.0
Invocations    | 4 6 8 9 10 11 12 | 12.5
Shields        | 3 6 7 9 10 11 12 13 | 13.8

Action                   |  1- 3 |  4- 6 |  7- 9 | 10-12 | 13-15 | 16-18 | 19-21 | 22-24 || total
-------------------------+-------+-------+-------+-------+-------+-------+-------+-------++-------
Melee: Dagger            |       |     1 |    18 |    12 |    11 |     7 |       |       ||    49
       Unarmed           |       |       |    10 |       |    21 |    11 |       |       ||    42
       Hand axe          |       |       |       |       |       |       |     2 |    23 ||    25
 Fire: Hand crossbow     |       |       |       |       |       |       |    19 |       ||    19
Throw: Dart              |       |     7 |    11 |     1 |       |       |       |       ||    19
 Cast: Magic Dart        |    60 |   156 |    99 |    46 |    24 |     2 |     1 |       ||   388
       Searing Ray       |       |    12 |    34 |    44 |    42 |    29 |    10 |       ||   171
       Ozocubu's Armour  |       |       |    20 |    16 |    24 |    33 |     6 |     1 ||   100
       Iskenderun's Myst |       |       |     3 |    19 |    97 |   151 |    83 |    32 ||   385
       Dazzling Flash    |       |       |     2 |     4 |     6 |     1 |       |       ||    13
       Fulminant Prism   |       |       |    12 |   135 |   125 |   119 |    31 |     3 ||   425
       Ice Form          |       |       |    13 |     5 |    21 |    29 |    13 |       ||    81
       Fireball          |       |       |       |       |   111 |   260 |   264 |   140 ||   775
       Corpse Rot        |       |       |       |       |     1 |     1 |       |       ||     2
       Conjure Ball Ligh |       |       |       |       |    10 |       |       |       ||    10
       Sticky Flame      |       |       |       |       |       |     3 |       |       ||     3
       Death Channel     |       |       |       |       |       |     1 |     2 |       ||     3
       Ozocubu's Refrige |       |       |       |       |       |       |   258 |   195 ||   453
       Monstrous Menager |       |       |       |       |       |       |     3 |       ||     3
       Lehudib's Crystal |       |       |       |       |       |       |       |    32 ||    32
Invok: Major Destruction |       |       |       |       |       |       |       |     3 ||     3
 Abil: Evoke Blink       |       |       |       |       |       |       |     1 |       ||     1
Evoke: Wand              |       |       |       |       |       |     1 |       |       ||     1
  Use: Scroll            |       |     4 |       |     1 |     8 |    10 |     7 |       ||    30
       Potion            |       |       |       |       |     2 |     2 |       |       ||     4
 Stab: Sleeping          |       |     1 |     1 |       |     1 |     1 |       |       ||     4
Armor: Robe              |       |     2 |       |    14 |     5 |    19 |       |       ||    40
       Leather armour    |       |     1 |     8 |       |       |       |       |       ||     9
       Steam dragon scal |       |       |     8 |     6 |       |       |       |       ||    14
       Skin              |       |       |     8 |     5 |    45 |    57 |     2 |       ||   117
       Swamp dragon scal |       |       |       |       |       |       |     7 |       ||     7
       Ring mail         |       |       |       |       |       |       |     4 |    15 ||    19
Dodge: Dodged            |       |    10 |    52 |    70 |   124 |   158 |    27 |    28 ||   469
Block: Buckler           |       |       |       |       |     1 |     2 |       |       ||     3
       Kite shield       |       |       |       |       |       |    37 |    33 |    75 ||   145
       Reflection        |       |       |       |       |       |     1 |    13 |    30 ||    44

Table legend: (Time is in decaauts)
 A = Elapsed time spent in this place.
 B = Non-inter-level travel time spent in this place.
 C = Inter-level travel time spent in this place.
 D = Time resting spent in this place.
 E = Time spent auto-exploring this place.
 F = Levels seen in this place.
 G = Mean time per level.
                   A        B        C        D        E       F      G
               +--------+--------+--------+--------+--------+-----+--------+
         Total |  70639 |  63856 |   6783 |  25750 |  28563 |  43 | 1642.8 |
       Dungeon |  22712 |  19590 |   3122 |   5879 |  10798 |  15 | 1514.1 |
        Temple |    249 |    223 |     26 |     84 |     84 |   1 |  249.0 |
          Lair |  13889 |  12846 |   1043 |   6462 |   4857 |   6 | 2314.8 |
         Swamp |   7667 |   6484 |   1183 |   3856 |   1677 |   4 | 1916.8 |
   Spider Nest |   7574 |   7178 |    396 |   3607 |   2477 |   4 | 1893.5 |
  Orcish Mines |   2053 |   1847 |    206 |    565 |   1039 |   2 | 1026.5 |
   Elven Halls |   6460 |   5833 |    627 |   2795 |   2022 |   3 | 2153.3 |
        Vaults |   7315 |   7140 |    175 |   1817 |   4382 |   5 | 1463.0 |
         Sewer |    712 |    712 |      0 |    243 |    192 |   1 |  712.0 |
      Ice Cave |   1146 |   1146 |      0 |    210 |    806 |   1 | 1146.0 |
      Gauntlet |    856 |    856 |      0 |    232 |    229 |   1 |  856.0 |
               +--------+--------+--------+--------+--------+-----+--------+

Top non-repeatable levels by time:
  Lair:2: 3932 daAuts
     D:7: 3417 daAuts
   Elf:3: 3086 daAuts
 Swamp:4: 2915 daAuts
  Lair:1: 2708 daAuts
     D:6: 2501 daAuts
Spider:4: 2436 daAuts
Vaults:4: 2353 daAuts
     D:5: 2343 daAuts
     D:4: 2243 daAuts
  Lair:5: 2158 daAuts
Spider:3: 2122 daAuts
 Swamp:1: 2065 daAuts
  Lair:6: 1915 daAuts
   Orc:2: 1909 daAuts
